cohdb
Replays
Latest Replays
All Replays
Popular Replays
Top Player Replays
Match Explorer
How It Works
Community
CoH3 Stats
Reddit
Sign in to upload your games and track your stats! →
Sign in with Steam
Match 45364540
Unlisted
Match 45364540
Overview
Messages
Build Orders
End
Kradschützen Motorcycle Team
Panzerpioneer Squad
250 Light Carrier
Panzergrenadier Squad
Construct Light Support Kompanie
Assault Grenadier Squad
Fire Support Elements
2.5-tonne Medical Truck
Assault Mechanized Group
Pak 38 Anti-tank Gun Team
Construct Panzerarmee Kommand
Pak 38 Anti-tank Gun Team
Selects Armored Support Battlegroup
Selects Salvage Kits
Selects Panzer Storm
Panzer III L Medium Tank
Selects Stuka Anti-tank Loiter
Stuka Anti-tank Loiter
Armored Reserves
Funky Ayylien
Victor #52
Nuts
LW | MUERTE
Phan
MrBlueSteel
cumsader
Yttrium
0
0
Comments
sign in to comment!
No comments posted yet!